 Dungeon Crawl Stone Soup version 0.18-a0-1694-g9f731c2 (webtiles) character file.

247 Bigslacks the Poker (level 5, -4/38 HPs)
             Began as a Demonspawn Gladiator on Apr 5, 2016.
             Was a Follower of Qazlal.
             Killed from afar by murphyslaw's ghost (11 damage)
             ... with a puff of frost
             ... on level 4 of the Dungeon.
             The game lasted 00:05:53 (3414 turns).

Bigslacks the Poker (Demonspawn Gladiator)          Turns: 3414, Time: 00:05:54

Health: -4/38      AC: 12    Str: 20    XL:     5   Next: 85%
Magic:  5/5        EV: 12    Int: 11    God:    Qazlal [*.....]
Gold:   248        SH:  1    Dex: 12    Spells: 0 memorised, 4 levels left

rFire  . . .     SeeInvis .     a - +0 trident
rCold  . . .     Gourm    .     r - +1 ring mail {rPois}
rNeg   . . .     Faith    .     (no shield)
rPois  +         Spirit   .     c - +0 helmet
rElec  .         Dismiss  .     u - +0 cloak
rCorr  .         Reflect  .     (no gloves)
SustAt .         Harm     .     (no boots)
MR     .....                    (no amulet)
Stlth  +.........               (no ring)
                                h - +5 ring of strength

@: not resistant to hostile enchantments, very unstealthy
A: talons 2, rough black scales 1
a: Renounce Religion


You were on level 4 of the Dungeon.
You worshipped Qazlal.
Qazlal was aware of your devotion.
You were not hungry.

You visited 1 branch of the dungeon, and saw 4 of its levels.

You collected 248 gold pieces.

Inventory:

Hand Weapons
 a - a +0 trident (weapon)
 w - a +0 halberd
Missiles
 d - 3 throwing nets (quivered)
Armour
 c - a +0 helmet (worn)
 j - a +1 leather armour of fire resistance
 r - a +1 ring mail of poison resistance (worn)
 u - a +0 cloak (worn)
Jewellery
 h - a +5 ring of strength (left hand)
Wands
 o - a wand of disintegration (6/24)
 q - a wand of iceblast (10/15)
Scrolls
 e - a scroll of enchant armour {unknown}
 i - 4 scrolls of remove curse {unknown}
 l - a scroll of identify {unknown}
 m - 4 scrolls of fear {unknown}
 n - a scroll of enchant weapon {unknown}
 s - 2 scrolls of noise {unknown}
Potions
 b - 2 potions of degeneration {unknown}
 k - a potion of haste {unknown}
 p - 2 potions of curing {unknown}
 t - 2 potions of lignification {unknown}
 x - a potion of agility {unknown}
 z - a potion of mutation {unknown}
 A - a potion of cure mutation {unknown}
Comestibles
 f - 2 bread rations
 g - a slice of pizza
 v - a meat ration
 B - a chunk of flesh


   Skills:
 - Level 2.0 Fighting
 * Level 5.1 Polearms
 - Level 1.7 Throwing
 + Level 4.1 Dodging


You had 4 spell levels left.
You didn't know any spells.

Dungeon Overview and Level Annotations

Branches:
Dungeon (4/15)             Temple (0/1) D:4

Altars:
Cheibriados
Qazlal
The Shining One

Annotations:
D:4 murphyslaw's ghost, novice OpIE


Innate Abilities, Weirdness & Mutations

You have razor-sharp toenails.
You are partially covered in rough black scales (AC +4, Dex -1).


Message History

Huge Dmg: -29%(-11hp) hp: 19%(7hp)
You hit murphyslaw's ghost but do no damage.
Your kick misses murphyslaw's ghost.
Murphyslaw's ghost is heavily damaged.
Murphyslaw's ghost hits you but does no damage.
You hit murphyslaw's ghost but do no damage.
Murphyslaw's ghost is heavily damaged.
Murphyslaw's ghost hits you but does no damage.
You puncture murphyslaw's ghost!
You claw murphyslaw's ghost, but do no damage.
Murphyslaw's ghost is severely damaged.
Murphyslaw's ghost hits you but does no damage.
You hit murphyslaw's ghost but do no damage.
Murphyslaw's ghost is severely damaged.
Murphyslaw's ghost closely misses you.
You closely miss murphyslaw's ghost.
Murphyslaw's ghost is severely damaged.
Murphyslaw's ghost stares at you and mumbles some strange words.
The puff of frost hits you!
You die...

#.....# .....#
###########.....#
#...W...........#
..########.....>#
#.##.### ##############
#.##.#
##.....##.....###.##.#
###.............@#..##.#
.................W.###.#
#......#.#........# #.#
#....[.._.........# #.#
#......#.#........# #.#
#.................# #.#
#.................# #.#
##..............#.# #.#
##............##.# #.#


You could see murphyslaw's ghost.

Vanquished Creatures
  An orc priest (D:4)
  An orc wizard (D:4)
  Crazy Yiuf (D:2)
  A worker ant (D:3)
  7 adders
  A worm (D:2)
  4 dart slugs
  4 giant geckos
  12 orcs
  2 bats
  A giant cockroach (D:2)
  6 goblins
  A hobgoblin (D:1)
  2 jackals (D:3)
  2 quokkas
  A ball python (D:4)
  2 giant newts
  6 kobolds
  3 rats (D:1)
58 creatures vanquished.

Notes
Turn   | Place    | Note
--------------------------------------------------------------
     0 | D:1      | Bigslacks the Demonspawn Gladiator began the quest for the Orb.
     0 | D:1      | Reached XP level 1. HP: 16/16 MP: 1/1
   174 | D:1      | Huge Dmg: 5 dmg
   385 | D:1      | Reached skill level 3 in Polearms
   472 | D:1      | Gained mutation: You are partially covered in rough black scales (AC +4, Dex -1). [demonic ancestry]
   472 | D:1      | Reached XP level 2. HP: 22/22 MP: 2/2
  1096 | D:2      | Found a snail-covered altar of Cheibriados.
  1161 | D:2      | Huge Dmg: 5 dmg
  1169 | D:2      | Huge Dmg: 4 dmg
  1308 | D:2      | Reached XP level 3. HP: 24/27 MP: 3/3
  1527 | D:2      | Found a stormy altar of Qazlal.
  1698 | D:2      | Noticed Crazy Yiuf
  1700 | D:2      | Paralysed by Crazy Yiuf for 3 turns
  1703 | D:2      | Huge Dmg: 9 dmg
  1705 | D:2      | Killed Crazy Yiuf
  1705 | D:2      | Reached skill level 4 in Polearms
  1705 | D:2      | Gained mutation: You have sharp toenails. [demonic ancestry]
  1705 | D:2      | Reached XP level 4. HP: 22/33 MP: 4/4
  2033 | D:2      | Became a worshipper of Qazlal Stormbringer
  2346 | D:3      | Huge Dmg: 7 dmg
  2352 | D:3      | Gained mutation: You have razor-sharp toenails. [demonic ancestry]
  2352 | D:3      | Reached XP level 5. HP: 25/38 MP: 5/5
  2808 | D:4      | Found a staircase to the Ecumenical Temple.
  2809 | D:4      | Noticed a phantom
  2850 | D:4      | Huge Dmg: 8 dmg
  2916 | D:4      | Reached * piety under Qazlal
  2942 | D:4      | Huge Dmg: 13 dmg
  2949 | D:4      | Huge Dmg: 17 dmg
  2952 | D:4      | Reached skill level 5 in Polearms
  3266 | D:4      | Noticed murphyslaw's ghost (novice OpIE)
  3318 | D:4      | Found a glowing golden altar of the Shining One.
  3396 | D:4      | Huge Dmg: 10 dmg
  3410 | D:4      | Huge Dmg: 11 dmg
  3414 | D:4      | Killed from afar by murphyslaw's ghost

Vault maps used:
D:1:      roderic_lyre
D:2:      cheibriados_altar_1, marbit_many_paths, first_bread,
          uniq_crazy_yiuf_cottage
D:4:      lemuel_crystal_altar, minmay_temple_entry_poolview,
          fedhas_altar_fruit_tree

Skill      XL: |  1  2  3  4  5 |
---------------+----------------+-----
Polearms       | 3 4 5 |  5.1
Dodging        | 3 4 |  4.1
Fighting       | |  2.0
Throwing       | |  1.7

Action                   |  1- 3 |  4- 6 || total
-------------------------+-------+-------++-------
Melee: Trident           |   106 |   143 ||   249
 Stab: Sleeping          |     2 |       ||     2
  Eat: Chunk             |     2 |     6 ||     8
